 Dungeon Crawl Stone Soup version 0.31-a0-204-g7da18cac08 (webtiles) character file.

Game seed: 5200432550152386739

14262 zazu2006 the Prestidigitator (level 12, -2/92 HPs)
             Began as a Gnoll Wanderer on June 27, 2023.
             Was a High Priest of Vehumet.
             Slain by a meliai
             ... wielding a +0 hand axe
              (4 damage)
             ... on level 9 of the Dungeon.
             The game lasted 00:43:03 (10259 turns).

zazu2006 the Prestidigitator (Gnoll Wanderer)      Turns: 10259, Time: 00:43:03

Health: -2/92      AC: 15    Str: 15    XL:     12   Next: 14%
Magic:  19/23      EV: 12    Int: 13    God:    Vehumet [*****.]
Gold:   386        SH:  6    Dex: 14    Spells: 17/26 levels left

rFire   + . .        a - +6 long sword of Cafesti {flame, rF+ Will+}
rCold   . . .        r - +0 buckler
rNeg    . . .        N - +3 scale mail of the Silversmith {Str+2}
rPois   .            h - +0 hat {Stlth+}
rElec   .            s - +0 cloak
rCorr   .            (no gloves)
SInv    +            x - +2 pair of boots
Will    ++...        n - amulet of regeneration
Stlth   +++          H - ring of see invisible
HPRegen 1.15/turn    K - ring of willpower
MPRegen 0.18/turn

%: no passive effects
@: very slightly contaminated
A: fangs 1, strong nose, distributed training
a: Renounce Religion


You were on level 9 of the Dungeon.
You worshipped Vehumet.
Vehumet was extremely pleased with you.
You visited 1 branch of the dungeon, and saw 9 of its levels.
You also visited: Bailey.

You collected 1082 gold pieces.
You spent 696 gold pieces at shops.

Inventory:

Hand Weapons
 a - the +6 long sword of Cafesti (weapon) {flame, rF+ Will+}
   (You bought it in a shop on level 9 of the Dungeon)

   rF:        It protects you from fire.
   Will:      It increases your willpower.
 F - a +2 flail of holy wrath
 U - the +8 Wrath of Trog {antimagic, *Rage Rampage}
   (You took it off a hobgoblin in a bailey)

   It causes slowness and exhaustion when equipped.
   It extends the wielder's berserk rage when killing foes.
   *Rage:     It berserks you when you make melee attacks (+50% chance).
   Rampage:   It bestows one free step when moving towards enemies.
Missiles
 O - 2 throwing nets
Armour
 d - +0 acid dragon scales
 h - a +0 hat of stealth (worn)
 r - a +0 buckler (worn)
 s - a +0 cloak (worn)
 x - a +2 pair of boots (worn)
 N - the +3 scale mail of the Silversmith (worn) {Str+2}
   (You found it on level 7 of the Dungeon)

   Str:       It affects your strength (+2).
 X - a +2 leather armour of poison resistance
Jewellery
 n - an amulet of regeneration (around neck)
 H - a ring of see invisible (left hand)
 J - an amulet of reflection
 K - a ring of willpower (right hand)
 S - a ring of fire
 V - a ring of resist corrosion
Wands
 e - a wand of paralysis (1)
 B - a wand of polymorph (22)
 G - a wand of flame (14)
 P - a wand of mindburst (3)
Scrolls
 g - a scroll of teleportation
 i - 2 scrolls of fog {unknown}
 k - 2 scrolls of revelation {unknown}
 o - 3 scrolls of enchant weapon {unknown}
 p - 5 scrolls of identify
 t - 2 scrolls of torment {unknown}
 v - 2 scrolls of poison {unknown}
 w - 3 scrolls of fear {unknown}
 y - 2 scrolls of butterflies {unknown}
 z - 2 scrolls of enchant armour {unknown}
 A - 2 scrolls of brand weapon {unknown}
 D - 2 scrolls of blinking {unknown}
 I - 2 scrolls of vulnerability {unknown}
 M - a scroll of immolation {unknown}
 Q - 2 scrolls of amnesia {unknown}
Potions
 b - 4 potions of curing
 c - a potion of berserk rage
 f - 2 potions of might
 j - 6 potions of mutation
 m - 6 potions of ambrosia
 u - 2 potions of brilliance {unknown}
 C - 2 potions of haste
 L - 2 potions of lignification {unknown}
 R - a potion of resistance
 T - a potion of cancellation {unknown}


   Skills:
 + Level 7.8 Fighting
 + Level 7.2 Short Blades
 + Level 7.2 Long Blades
 + Level 7.2 Axes
 + Level 7.2 Maces & Flails
 + Level 7.2 Polearms
 + Level 7.2 Staves
 + Level 7.2 Ranged Weapons
 + Level 7.2 Throwing
 + Level 7.8 Armour
 + Level 7.2 Dodging
 + Level 7.2 Stealth
 + Level 7.2 Shields
 + Level 7.2 Unarmed Combat
 + Level 7.8 Spellcasting
 + Level 8.2 Conjurations
 + Level 6.0 Hexes
 + Level 6.0 Summonings
 + Level 6.0 Necromancy
 + Level 6.0 Translocations
 + Level 6.0 Transmutations
 + Level 6.0 Fire Magic
 + Level 6.0 Ice Magic
 + Level 6.0 Air Magic
 + Level 6.0 Earth Magic
 + Level 6.0 Poison Magic
 + Level 8.0 Invocations
 + Level 11.2 Evocations


You had 17 spell levels left.
You knew the following spells:

 Your Spells              Type           Power      Damage    Failure   Level
a - Foxfire               Conj/Fire      92%        2x1d8     1%          1
b - Magic Dart            Conj           100%       1d8       1%          1
c - Airstrike             Air            10%        2d(2-18)  13%         4
d - Dazzling Flash        Conj/Hex       46%        N/A       2%          3

Your spell library contained the following spells:

 Spells                   Type           Power      Damage    Failure   Level
 Iskenderun's Mystic Bla  Conj/Tloc      23%        2d6       9%          4
 Apportation              Tloc           40%        N/A       4%          1
 Necrotise                Necr           80%        1d8       4%          1
 Slow                     Hex            80%        N/A       4%          1
 Summon Small Mammal      Summ           80%        N/A       4%          1
 Call Canine Familiar     Summ           20%        N/A       14%         3
 Confusing Touch          Hex            20%        N/A       14%         3
 Summon Guardian Golem    Hex/Summ       20%        N/A       14%         3
 Vampiric Draining        Necr           20%        2d7       14%         3


Dungeon Overview and Level Annotations

Branches:
Dungeon (9/15)             Temple (0/1) D:6            Lair (0/5) D:8
    Orc (0/2) D:9          Bailey (visited)

Altars:
Ashenzari
Dithmenos
Hepliaklqana
Kikubaaqudgha
Qazlal
Sif Muna
Trog
Uskayaw
Vehumet
Yredelemnul
Zin
The Shining One

Shops:
D:3 :   D:5 ?   D:9 (((:[

Annotations:
D:3 2 runed translucent doors, Gorgondantess's ghost, amateur SpHu
D:7 2 transporters, Lance11888's ghost, novice DrWn


Innate Abilities, Weirdness & Mutations

You have very sharp teeth.
Your uncanny sense of smell can sniff out nearby items.
Your experience applies equally to all skills.


Message History

Confirm with . or Enter, or press ? or * to list all spells.
Aiming: Airstrike (dangerous; 13% risk of failure)
Press: ? - help, Dir - move target, f - meliai
Aim: a meliai, wielding a +0 hand axe and wearing a +0 leather armour (empty space bonus: 3/8)
You miscast Airstrike.
You are very lightly contaminated with residual magic.
Nothing appears to happen.
You slash the meliai! You burn the meliai.
The meliai is severely wounded.
The meliai drinks a potion.
The meliai is healed!
The meliai hits you with a +0 hand axe. The meliai barely misses you.
You slash the meliai! You burn the meliai.
The meliai is severely wounded.
The meliai drinks a potion.
The meliai is healed!
The meliai calls down the wrath of its god upon you.
Something smites you!
You closely miss the meliai.
The meliai is heavily wounded.
The meliai hits you with a +0 hand axe. The meliai closely misses you.
The meliai hits you with a +0 hand axe.
The meliai stings you but does no damage.
You hit the meliai. You burn the meliai. You bite the meliai, but do no damage.
The meliai is severely wounded.
The meliai barely misses you. The meliai stings you!
* * * LOW HITPOINT WARNING * * *
The meliai hits you with a +0 hand axe.
* * * LOW HITPOINT WARNING * * *
The meliai stings you but does no damage.
Casting: Airstrike (dangerous; 13% risk of failure)
Confirm with . or Enter, or press ? or * to list all spells.
You conjure some foxfire!
The meliai mumbles some strange prayers to its god against you.
Something smites you!
* * * LOW HITPOINT WARNING * * *
The meliai calls down the wrath of its god upon you.
Something smites you!
* * * LOW HITPOINT WARNING * * *
Unknown command.
The meliai attacks as you move away! The meliai hits you with a +0 hand axe.
You die...

..####### #..#..# #... ...
.# ##..#..# #.#.#.#### .#
#..#.#.# #.##.#.#}# . #..#.#
#.†.o...## #. #####...###
##.####...# #.# #.###.#...#
.)..##.####..##.##..#.##.#.#
.).........# #.#v........#.#
.).###'###.#.#.#@#######.#.#
..o# .... #..yv# ....#.#.###
...#
###.#....##.#.###.#.....###
)oo#.#.#.#.##
#.'.#.'.#.###...# ...#.#'#.#
. #.#.###.#. ###.#
...#.....#.# ..#.....# #.#
...#######.# .#.# ##### #.##
............ ..... #.#.
...#..##.## ## ###
#########.#.


You could see a meliai (ally target).

Vanquished Creatures
  Gastronok (D:9)
  An orc warlord (Bailey)
  A centaur warrior (D:9)
  Erica (D:9)
  A two-headed ogre (D:8)
  Pikel (D:4)
  An ugly thing (D:9)
  A manticore (D:9)
  A queen bee (D:9)
  2 trolls (D:9)
  3 wyverns
  A basilisk (D:9)
  8 yaks
  A steam dragon (D:7)
  A vampire mosquito (D:9)
  Edmund (D:5)
  Duvessa (D:4)
  An acid dragon (D:8)
  3 water moccasins
  18 orc warriors
  A sky beast (D:4)
  4 black bears
  An ogre (D:6)
  2 centaurs
  2 lemures (D:4)
  A kobold brigand (D:7)
  2 bullfrogs (D:8)
  A gnoll sergeant (D:9)
  5 scorpions
  6 wights (D:9)
  Dowan (D:4)
  44 killer bees
  4 hounds (D:5)
  2 jellies
  3 orc priests
  4 iguanas
  10 orc wizards
  15 gnolls
  7 adders
  5 white imps
  A worm (D:3)
  4 dart slugs
  42 orcs
  4 endoplasms
  3 giant cockroaches
  16 goblins
  25 hobgoblins
  10 jackals (D:5)
  4 quokkas
  8 ball pythons
  12 bats
  2 frilled lizards
  9 kobolds
  6 rats
315 creatures vanquished.

Vanquished Creatures (others)
  1053 foxfires
1053 creatures vanquished.

Grand Total: 1368 creatures vanquished

Notes
Turn   | Place    | Note
-------+----------+-------------------------------------------
     0 | D:1      | zazu2006 the Gnoll Wanderer began the quest for the Orb.
     0 | D:1      | zazu2006 set off with the following items: a +0 dagger, a
                  | potion of curing, a potion of berserk rage, a +0 robe, a
                  | wand of paralysis (17); and the following spell memorised:
                  | Foxfire; and the following spells available to memorise:
                  | Dazzling Flash.
     0 | D:1      | Reached XP level 1. HP: 17/17 MP: 4/4
   188 | D:1      | Reached XP level 2. HP: 23/23 MP: 2/5
   693 | D:1      | Reached XP level 3. HP: 28/28 MP: 4/7
  1211 | D:2      | Reached skill level 1 in Invocations
  1405 | D:2      | Reached skill level 1 in Short Blades
  1405 | D:2      | Reached skill level 1 in Long Blades
  1405 | D:2      | Reached skill level 1 in Axes
  1405 | D:2      | Reached skill level 1 in Maces & Flails
  1405 | D:2      | Reached skill level 1 in Polearms
  1405 | D:2      | Reached skill level 1 in Staves
  1405 | D:2      | Reached skill level 1 in Ranged Weapons
  1405 | D:2      | Reached skill level 1 in Throwing
  1405 | D:2      | Reached skill level 1 in Dodging
  1405 | D:2      | Reached skill level 1 in Stealth
  1405 | D:2      | Reached skill level 1 in Shields
  1405 | D:2      | Reached skill level 1 in Unarmed Combat
  1764 | D:2      | Reached XP level 4. HP: 34/34 MP: 4/8
  2082 | D:3      | Found a radiant altar of Vehumet.
  2087 | D:3      | Became a worshipper of Vehumet
  2481 | D:3      | Found Toack's Book Shoppe.
  2503 | D:3      | Reached skill level 1 in Hexes
  2503 | D:3      | Reached skill level 1 in Summonings
  2503 | D:3      | Reached skill level 1 in Necromancy
  2503 | D:3      | Reached skill level 1 in Translocations
  2503 | D:3      | Reached skill level 1 in Transmutations
  2503 | D:3      | Reached skill level 1 in Fire Magic
  2503 | D:3      | Reached skill level 1 in Ice Magic
  2503 | D:3      | Reached skill level 1 in Air Magic
  2503 | D:3      | Reached skill level 1 in Earth Magic
  2503 | D:3      | Reached skill level 1 in Poison Magic
  2661 | D:3      | Reached XP level 5. HP: 40/40 MP: 4/9
  2924 | D:3      | Found a basalt altar of Yredelemnul.
  2925 | D:3      | Found a large runed translucent door.
  2926 | D:3      | Found a large runed translucent door.
  2968 | D:3      | Noticed Gorgondantess's ghost (amateur SpHu)
  3263 | D:4      | Reached * piety under Vehumet
  3263 | D:4      | Offered knowledge of Magic Dart by Vehumet.
  3266 | D:4      | Learned a level 1 spell: Magic Dart
  3464 | D:4      | Noticed Duvessa
  3472 | D:4      | Noticed Dowan
  3487 | D:4      | Killed Duvessa
  3488 | D:4      | Reached XP level 6. HP: 19/47 MP: 8/11
  3504 | D:4      | Killed Dowan
  3963 | D:4      | Noticed Pikel
  3989 | D:4      | Killed Pikel
  3990 | D:4      | Reached skill level 9 in Evocations
  3990 | D:4      | Reached XP level 7. HP: 54/54 MP: 11/13
  3990 | D:4      | Reached XP level 8. HP: 60/60 MP: 11/14
  4325 | D:4      | Found a shimmering blue altar of Sif Muna.
  4352 | D:5      | Entered Level 5 of the Dungeon
  4418 | D:5      | Found Ykhlamics's Magic Scroll Shoppe.
  4425 | D:5      | Bought a scroll of identify for 26 gold pieces
  4464 | D:5      | Reached ** piety under Vehumet
  4466 | D:5      | Offered knowledge of Poisonous Vapours by Vehumet.
  4594 | D:5      | Noticed Edmund
  4614 | D:5      | Killed Edmund
  5044 | D:6      | Found a broken altar of Ashenzari.
  5166 | D:6      | Found a shadowy altar of Dithmenos.
  5297 | D:6      | Reached XP level 9. HP: 58/67 MP: 9/16
  5439 | D:6      | Reached skill level 5 in Spellcasting
  5452 | D:6      | Offered knowledge of Hailstorm by Vehumet.
  5504 | D:6      | Found a staircase to the Ecumenical Temple.
  5623 | D:6      | Reached skill level 5 in Fighting
  5623 | D:6      | Reached skill level 5 in Armour
  6030 | D:7      | Reached *** piety under Vehumet
  6110 | D:7      | Identified the +3 scale mail of the Silversmith {Str+2}
  6224 | D:7      | Found an ancient bone altar of Kikubaaqudgha.
  6242 | D:7      | Reached skill level 5 in Invocations
  6289 | D:7      | Found a hide-covered altar of Uskayaw.
  6326 | D:7      | Found a glowing golden altar of the Shining One.
  6380 | D:7      | Offered knowledge of Airstrike by Vehumet.
  6386 | D:7      | Learned a level 4 spell: Airstrike
  6470 | D:7      | Noticed a two-headed ogre
  6471 | D:7      | Found a bloodstained altar of Trog.
  6471 | D:7      | Noticed Lance11888's ghost (novice DrWn)
  6499 | D:7      | Found a transporter.
  6505 | D:7      | Found a transporter.
  6512 | D:7      | Noticed a moth of wrath
  7056 | D:8      | Reached skill level 5 in Short Blades
  7056 | D:8      | Reached skill level 5 in Long Blades
  7056 | D:8      | Reached skill level 5 in Axes
  7056 | D:8      | Reached skill level 5 in Maces & Flails
  7056 | D:8      | Reached skill level 5 in Polearms
  7056 | D:8      | Reached skill level 5 in Staves
  7056 | D:8      | Reached skill level 5 in Ranged Weapons
  7056 | D:8      | Reached skill level 5 in Throwing
  7056 | D:8      | Reached skill level 5 in Dodging
  7056 | D:8      | Reached skill level 5 in Stealth
  7056 | D:8      | Reached skill level 5 in Shields
  7056 | D:8      | Reached skill level 5 in Unarmed Combat
  7056 | D:8      | Reached XP level 10. HP: 54/76 MP: 15/18
  7061 | D:8      | Noticed a two-headed ogre
  7149 | D:8      | Reached **** piety under Vehumet
  7150 | D:8      | Reached skill level 10 in Evocations
  7210 | D:8      | Killed a two-headed ogre
  7271 | D:8      | Found a glowing silver altar of Zin.
  7281 | D:8      | Offered knowledge of Inner Flame by Vehumet.
  7341 | D:8      | Found a staircase to the Lair.
  7594 | D:8      | Found a bloodstained altar of Trog.
  7595 | D:8      | Found a hazy altar of Hepliaklqana.
  7752 | D:9      | Found a stormy altar of Qazlal.
  7791 | D:9      | Found Pobb's Weapon Emporium.
  7848 | D:9      | Found a flagged portal.
  7862 | Bailey   | Entered a bailey
  8072 | Bailey   | Reached ***** piety under Vehumet
  8128 | Bailey   | Offered knowledge of Starburst by Vehumet.
  8438 | Bailey   | Noticed an orc warlord
  8453 | Bailey   | Killed an orc warlord
  8454 | Bailey   | Reached skill level 5 in Hexes
  8454 | Bailey   | Reached skill level 5 in Summonings
  8454 | Bailey   | Reached skill level 5 in Necromancy
  8454 | Bailey   | Reached skill level 5 in Translocations
  8454 | Bailey   | Reached skill level 5 in Transmutations
  8454 | Bailey   | Reached skill level 5 in Fire Magic
  8454 | Bailey   | Reached skill level 5 in Ice Magic
  8454 | Bailey   | Reached skill level 5 in Air Magic
  8454 | Bailey   | Reached skill level 5 in Earth Magic
  8454 | Bailey   | Reached skill level 5 in Poison Magic
  8454 | Bailey   | Reached XP level 11. HP: 83/83 MP: 21/21
  8916 | D:8      | Acquired 269 gold pieces
  8982 | D:9      | Bought the +6 long sword of Cafesti {flame, rF+ Will+} for
                  | 670 gold pieces
  8989 | D:9      | Found Zelaoq's Weapon Emporium.
  9062 | D:9      | Found Astriclu's Book Boutique.
  9075 | D:9      | Noticed Gastronok
  9094 | D:9      | Killed Gastronok
  9473 | D:9      | Noticed Erica
  9485 | D:9      | Offered knowledge of Iskenderun's Mystic Blast by Vehumet.
  9502 | D:9      | Found Idem's Armour Emporium.
  9502 | D:9      | Found Heubb's Weapon Emporium.
  9502 | D:9      | Found a staircase to the Orcish Mines.
  9502 | D:9      | Noticed an animated gold dragon scales
  9560 | D:9      | Noticed a brown ugly thing
  9705 | D:9      | Learned a level 3 spell: Dazzling Flash
  9755 | D:9      | Noticed a tengu warrior
  9803 | D:9      | Noticed a manticore
  9806 | D:9      | Reached skill level 11 in Evocations
  9877 | D:9      | Killed Erica
  9887 | D:9      | Killed a manticore
  9966 | D:9      | Noticed a centaur warrior
  9980 | D:9      | Killed a centaur warrior
  9981 | D:9      | Reached XP level 12. HP: 60/92 MP: 17/23
 10168 | D:9      | Noticed an animated crystal plate armour
 10258 | D:9      | HP: 2/92 [meliai/divine providence (8)]
 10259 | D:9      | Slain by a meliai

Illustrated notes

Levels and vault maps discovered:
D:1:      tarquinn_simple_flora_water_f, layout_basic, minmay_tripent
D:2:      minmay_spotlight, layout_loops_ring, minmay_misc_feat_columns
D:3:      layout_loops_ring, lemuel_doored_altar,
          mainiacjoe_overflow_cross_hatched, serial_shops, shop,
          ebering_ghost_disaster_area
D:4:      layout_loops_ring, led_sif_pool, nicolae_letterblocks
          [nicolae_letter_subblock, nicolae_letter_subblock,
          nicolae_letter_subblock, nicolae_letter_subblock,
          nicolae_letter_subblock, nicolae_letter_subblock,
          nicolae_letter_subblock, nicolae_letter_subblock,
          nicolae_letter_subblock, nicolae_letter_subblock,
          nicolae_letter_subblock, nicolae_letter_subblock,
          nicolae_letter_subblock, nicolae_letter_subblock,
          nicolae_letter_subblock, nicolae_letter_subblock,
          nicolae_letter_subblock, nicolae_letter_subblock,
          nicolae_letter_subblock, nicolae_letter_subblock,
          nicolae_letter_subblock, nicolae_letter_subblock,
          nicolae_letter_subblock, nicolae_letter_subblock,
          nicolae_letter_subblock], uniq_duvessa, uniq_pikel
D:5:      layout_cave_pools, serial_shops, shop, serial_park,
          serial_park_tiny_pond, serial_park_tiny_1, serial_park_square3
          [serial_park_minivault_5x5_8], serial_park_tiny_pond,
          kennysheep_generic_room_2, uniq_edmund
D:6:      layout_basic, mainiacjoe_overflow_catwalk, amcnicky_altar_gilded,
          minmay_temple_entry_large_hall, kennysheep_donut
D:7:      layout_rooms, mainiacjoe_overflow_alcove_2,
          mainiacjoe_overflow_small_starburst, eat_drink_and_be_merry_uskayaw,
          gammafunk_ghost_wrathful_warriors, kennysheep_generic_room_10
D:8:      layout_cave_pools, kennysheep_mini_moat,
          chequers_temple_overflow_statue_of_worship,
          due_lair_maze_entry_diamond
D:9:      layout_small_grid, mainiacjoe_overflow_concentric_impassable,
          orc_david_3, serial_shops, shop, nicolae_shop_mannequins, shop,
          nicolae_stop_n_shop_2, enter_bailey_4, special_room
          [special_room_bee], nrook_loot_triangle, minmay_shattered_shrine,
          uniq_harold, uniq_erica, uniq_gastronok

Skill      XL: |  1  2  3  4  5  6  7  8  9 10 11 12 |
---------------+-------------------------------------+-----
Invocations    | 1 2 3 4 5 6 7 8 |  8.0
Short Blades   | 1 2 3 4 5 6 7 |  7.2
Long Blades    | 1 2 3 4 5 6 7 |  7.2
Axes           | 1 2 3 4 5 6 7 |  7.2
Maces & Flails | 1 2 3 4 5 6 7 |  7.2
Polearms       | 1 2 3 4 5 6 7 |  7.2
Staves         | 1 2 3 4 5 6 7 |  7.2
Ranged Weapons | 1 2 3 4 5 6 7 |  7.2
Throwing       | 1 2 3 4 5 6 7 |  7.2
Dodging        | 1 2 3 4 5 6 7 |  7.2
Stealth        | 1 2 3 4 5 6 7 |  7.2
Shields        | 1 2 3 4 5 6 7 |  7.2
Unarmed Combat | 1 2 3 4 5 6 7 |  7.2
Spellcasting   | 3 4 5 6 7 |  7.8
Hexes          | 1 2 3 4 5 6 |  6.0
Summonings     | 1 2 3 4 5 6 |  6.0
Necromancy     | 1 2 3 4 5 6 |  6.0
Translocations | 1 2 3 4 5 6 |  6.0
Transmutations | 1 2 3 4 5 6 |  6.0
Fire Magic     | 1 2 3 4 5 6 |  6.0
Ice Magic      | 1 2 3 4 5 6 |  6.0
Air Magic      | 1 2 3 4 5 6 |  6.0
Earth Magic    | 1 2 3 4 5 6 |  6.0
Poison Magic   | 1 2 3 4 5 6 |  6.0
Fighting       | 3 4 5 6 7 |  7.8
Armour         | 3 4 5 6 7 |  7.8
Conjurations   | 6 7 8 |  8.2
Evocations     | 9 10 11 | 11.2

Action                     |  1- 3 |  4- 6 |  7- 9 | 10-12 || total
---------------------------+-------+-------+-------+-------++-------
  Melee: Dagger            |     1 |       |       |       ||     1
         Long sword        |    20 |    82 |   145 |   371 ||   618
         Bite              |     2 |    12 |    20 |    45 ||    79
         Punch             |       |     1 |     2 |       ||     3
   Cast: Foxfire           |    54 |    89 |   204 |   279 ||   626
         Airstrike         |       |       |       |    11 ||    11
         Dazzling Flash    |       |       |       |     3 ||     3
  Evoke: Wand              |       |     9 |     9 |    34 ||    52
    Use: Scroll            |       |       |     1 |     6 ||     7
         Potion            |       |       |     1 |     6 ||     7
   Stab: Paralysed         |       |    25 |     7 |    14 ||    46
         Invisible         |       |       |       |     2 ||     2
         Sleeping          |       |       |       |     1 ||     1
 Armour: Robe              |    16 |    26 |    37 |       ||    79
         Scale mail        |       |       |    53 |   273 ||   326
         Skin              |       |       |     9 |       ||     9
  Dodge: Dodged            |    26 |    57 |   150 |   335 ||   568
  Block: Buckler           |       |       |    39 |   160 ||   199

Table legend: (Time is in decaauts)
 A = Elapsed time spent in this place.
 B = Non-inter-level travel time spent in this place.
 C = Inter-level travel time spent in this place.
 D = Time resting spent in this place.
 E = Time spent auto-exploring this place.
 F = Levels seen in this place.
 G = Mean time per level.
                   A        B        C        D        E       F      G
               +--------+--------+--------+--------+--------+-----+--------+
         Total |  10373 |  10084 |    289 |    294 |   6700 |  10 | 1037.3 |
       Dungeon |   9488 |   9199 |    289 |    252 |   6291 |   9 | 1054.2 |
        Bailey |    885 |    885 |      0 |     42 |    409 |   1 |  885.0 |
               +--------+--------+--------+--------+--------+-----+--------+

Top non-repeatable levels by time:
     D:9: 1619 daAuts
     D:4: 1259 daAuts
     D:3: 1124 daAuts
     D:2: 1022 daAuts
     D:1: 984 daAuts
     D:7: 968 daAuts
     D:8: 940 daAuts
  Bailey: 885 daAuts
     D:6: 872 daAuts
     D:5: 696 daAuts
